 Dungeon Crawl Stone Soup version 0.31.0-1-g2c135a0 (webtiles) character file.

Game seed: 3124164817304330693

1589943 naoky the Skinwalker (level 27, 294/300 HPs)
             Began as a Barachi Shapeshifter on Jan 21, 2024.
             Was a High Priest of Okawaru.
             Escaped with the Orb
             ... and 3 runes!
             The game lasted 04:43:18 (79618 turns).

naoky the Skinwalker (Barachi Shapeshifter)        Turns: 79618, Time: 04:43:19

Health: 294/300    AC: 39    Str: 19    XL:     27
Magic:  29/29      EV: 30    Int: 14    God:    Okawaru [*****.]
Gold:   6671       SH: 23    Dex: 22    Spells: 20/28 levels left

rFire   + +          .
                       - Unarmed
rCold   + . .        k - +5 kite shield {rF+}
rNeg    + + +        h - melded +7 plate armour of Tiezxa Near {*Corrode Will+ MP+9 Int+3}
rPois   ∞            e - +2 hat {SInv}
rElec   +            K - +2 cloak {rCorr}
rCorr   +            z - melded +1 pair of gloves of Evolution {rC+}
SInv    +            g - melded +0 pair of boots {Fly}
Will    +++++        b - amulet of regeneration
Stlth   +            O - ring "Amall" {+Blink rF+ rN++ Will+++ Dex-2}
HPRegen 1.50/turn    S - ring "Ezouf" {Wiz rC+ Will+ Int+3}
MPRegen 0.21/turn

%: wizardry (x1)
@: statue-form, corroded, studying Polearms, very slow
A: slow and powerful, torment resistance 1, boosted hp, amphibious, (slowness
1), strong legs 2, +LOS, agile 1, low MP 1, noise suppression, persistent drain
0: Orb of Zot
}: 3/15 runes: decaying, silver, gossamer
a: Hop, Begin Untransformation, Renounce Religion, Evoke Blink, Heroism,
Finesse, Duel


You escaped.
You worshipped Okawaru.
Okawaru was extremely pleased with you.
You were a living statue of rough stone.
You visited 10 branches of the dungeon, and saw 50 of its levels.
You visited the Abyss 1 time.
You visited 1 bazaar.
You also visited: Sewer and Gauntlet.

You collected 9552 gold pieces.
You spent 2881 gold pieces at shops.

Inventory:

Missiles
 i - 29 atropa-tipped darts
 u - 3 datura-tipped darts
 v - 2 silver javelins
 B - 73 boomerangs (quivered)
 J - 6 throwing nets
 M - 18 curare-tipped darts
 T - 3 darts of dispersal
 V - 31 javelins
Armour
 e - a +2 hat of see invisible (worn)
 g - a +0 pair of boots of flying (melded)
 h - the +7 plate armour of Tiezxa Near (melded) {*Corrode Will+ MP+9 Int+3}
   (Okawaru gifted it to you on level 5 of the Lair of Beasts)

   Int+3:     It affects your intelligence (+3).
   Will+:     It increases your willpower.
   MP+9:      It affects your magic capacity (+9).
   *Corrode:  It may corrode you when you take damage.
 k - a +5 kite shield of fire resistance (worn)
 z - the +1 pair of gloves of Evolution (melded) {rC+}
   (You found it on level 4 of the Spider Nest)

   rC+:       It protects you from cold.
 K - a +2 cloak of preservation (worn)
Jewellery
 b - an amulet of regeneration (around neck)
 E - a ring of positive energy
 H - a ring of see invisible
 O - the ring "Amall" (left fist) {+Blink rF+ rN++ Will+++ Dex-2}
   (You acquired it on level 1 of the Lair of Beasts)

   [ring of protection from fire]

   Dex-2:     It affects your dexterity (-2).
   rF+:       It protects you from fire.
   rN++:      It greatly protects you from negative energy.
   Will+++:   It greatly increases your willpower.
   +Blink:    It lets you blink.
 P - a ring of poison resistance
 S - the ring "Ezouf" (right fist) {Wiz rC+ Will+ Int+3}
   (You found it on level 3 of the Swamp)

   [ring of wizardry]

   Wiz:       It improves your spell success rate.
   Int+3:     It affects your intelligence (+3).
   rC+:       It protects you from cold.
   Will+:     It increases your willpower.
 Y - the ring of Siastac {Fly Str+4}
   (You took it off a deep elf demonologist on level 5 of the Vaults)

   [ring of flight]

   Str+4:     It affects your strength (+4).
   Fly:       It grants you flight.
Talismans
 d - a granite talisman (active)
Wands
 t - a wand of digging (6)
 x - a wand of iceblast (37)
 F - a wand of polymorph (46)
 I - a wand of acid (42)
Scrolls
 j - 5 scrolls of enchant armour
 m - 4 scrolls of blinking
 r - 8 scrolls of vulnerability
 s - 2 scrolls of silence
 y - 12 scrolls of teleportation
 A - 9 scrolls of fear
 R - 2 scrolls of fog
 X - a scroll of noise
 Z - 8 scrolls of poison
Potions
 a - 9 potions of mutation
 c - 2 potions of attraction
 f - 12 potions of might
 n - 7 potions of haste
 p - 4 potions of enlightenment
 q - 9 potions of invisibility
 w - 12 potions of heal wounds
 C - 15 potions of curing
 D - 6 potions of magic
 G - 9 potions of ambrosia
 N - 6 potions of berserk rage
 Q - 5 potions of brilliance
 U - 3 potions of cancellation
 W - 2 potions of resistance
Miscellaneous
 l - a phial of floods
 o - a lightning rod (4/4)
 L - a condenser vane


   Skills:
 - Level 22.0 Fighting
 - Level 15.0 Armour
 - Level 22.0 Dodging
 - Level 22.0 Shields
 - Level 22.0 Unarmed Combat
 - Level 1.0 Spellcasting
 - Level 5.0 Translocations
 - Level 6.0 Ice Magic
 + Level 13.7 Invocations
 - Level 25.0 Shapeshifting


You had 20 spell levels left.
You knew the following spells:

 Your Spells              Type           Power      Damage    Failure   Level
a - Blink                 Tloc           28%        N/A       2%          2
o - Ozocubu's Armour      Ice            17%        N/A       3%          3
r - Frozen Ramparts       Ice            34%        1d6       3%          3

Your spell library contained the following spells:

 Spells                   Type           Power      Damage    Failure   Level
 Apportation              Tloc           28%        N/A       1%          1
 Freeze                   Ice            68%        1d8       1%          1
 Gell's Gravitas          Tloc           14%        N/A       4%          3
 Teleport Other           Tloc           14%        N/A       4%          3
 Ensorcelled Hibernation  Hex/Ice        18%        N/A       6%          2
 Momentum Strike          Conj/Tloc      14%        3d8       7%          2
 Hailstorm                Conj/Ice       9%         3d6       11%         3
 Foxfire                  Conj/Fire      0%         2x1d4     12%         1
 Magic Dart               Conj           0%         1d3       12%         1
 Necrotise                Necr           0%         1d4       12%         1
 Sandblast                Erth           0%         2d4       12%         1
 Sting                    Conj/Alch      0%         1d3       12%         1
 Volatile Blastmotes      Fire/Tloc      14%        2d11      13%         3
 Manifold Assault         Tloc           14%        N/A       16%         4
 Cigotuvi's Dreadful Rot  Necr/Alch/Air  0%         N/A       19%         2
 Jinxbite                 Hex            0%         N/A       19%         2
 Scorch                   Fire           0%         2d5       19%         2
 Static Discharge         Conj/Air       0%         3-3/arc   19%         2
 Confusing Touch          Hex            0%         N/A       34%         3
 Fugue of the Fallen      Necr           0%         N/A       34%         3
 Inner Flame              Hex/Fire       0%         N/A       34%         3
 Passwall                 Erth           0%         N/A       34%         3
 Stone Arrow              Conj/Erth      0%         3d7       34%         3
 Swiftness                Air            0%         N/A       34%         3
 Vampiric Draining        Necr           0%         2d6       34%         3
 Dimensional Bullseye     Hex/Tloc       3%         N/A       38%         4
 Iskenderun's Mystic Bla  Conj/Tloc      7%         2d4       38%         4
 Metabolic Englaciation   Hex/Ice        4%         N/A       65%         5
 Airstrike                Air            0%         2d(0-16)  73%         4
 Anguish                  Hex/Necr       0%         N/A       73%         4
 Brom's Barrelling Bould  Conj/Erth      0%         2d3       73%         4
 Cause Fear               Hex            0%         N/A       73%         4
 Dispel Undead            Necr           0%         3d6       73%         4
 Flame Wave               Conj/Fire      0%         2d4       73%         4
 Fulminant Prism          Conj/Alch      0%         3d5       73%         4
 Dispersal                Tloc           7%         N/A       91%         6
 Alistair's Intoxication  Alch           0%         N/A       96%         5
 Borgnjor's Vile Clutch   Necr/Erth      0%         N/A       96%         5
 Curse of Agony           Necr           0%         N/A       96%         5
 Irradiate                Conj/Alch      0%         3d11      96%         5
 Yara's Violent Unravell  Hex/Alch       0%         3d3       96%         5
 Eringya's Noxious Bog    Alch           0%         4d6       100%        6
 Plasma Beam              Fire/Air       0%         2x1d10    100%        6
 Starburst                Conj/Fire      0%         6d3       100%        6
 Enfeeble                 Hex            0%         N/A       100%        7
 Ozocubu's Refrigeration  Ice            8%         4d9       100%        7
 Disjunction              Tloc           7%         N/A       100%        8
 Ignition                 Fire           0%         3d3       100%        8
 Lehudib's Crystal Spear  Conj/Erth      0%         10d2      100%        8
 Polar Vortex             Ice            8%         12d1*     100%        9
 Summon Small Mammal      Summ           Unusable   N/A       N/A         1
 Call Imp                 Summ           Unusable   N/A       N/A         2
 Tukima's Dance           Hex            Unusable   N/A       N/A         3
 Animate Armour           Summ/Erth      Unusable   N/A       N/A         4
 Martyr's Knell           Necr/Summ      Unusable   N/A       N/A         4
 Summon Lightning Spire   Summ/Air       Unusable   N/A       N/A         4
 Sculpt Simulacrum        Ice/Alch       Unusable   N/A       N/A         6
 Death Channel            Necr           Unusable   N/A       N/A         6
 Summon Cactus Giant      Summ           Unusable   N/A       N/A         6

Dungeon Overview and Level Annotations

Branches:
Dungeon (15/15)            Temple (0/1) D:4            Lair (5/5) D:11
  Swamp (4/4) Lair:2       Spider (4/4) Lair:2        Slime (0/5) Lair:5
    Orc (2/2) D:10            Elf (3/3) Orc:2        Vaults (5/5) D:13
  Crypt (3/3) Vaults:2     Depths (4/4) D:15            Zot (5/5) Depths:4
  Sewer (visited)         Gauntlet (visited)
   Tomb: Crypt:3

Altars:
Ashenzari
Dithmenos
Fedhas
Hepliaklqana
Kikubaaqudgha
Makhleb
Nemelex Xobeh
Okawaru
Qazlal
Sif Muna
Uskayaw
Vehumet
Wu Jian
Xom
Yredelemnul
Zin
Ignis

Shops:
D:1 [   D:8 *   D:9 (   D:14 (   D:15 (   Orc:2 :[(?!   Elf:3 *   Vaults:2 =[
Depths:1 *

Portals:
Hell: Depths:2 Depths:3 Depths:4
Abyss: Lair:2 Depths:2 Depths:3
Pandemonium: Depths:2
Ziggurat: Depths:1
Trove: Vaults:3 (give 4 potions of resistance)

Annotations:
D:6 cold vault
Lair:2 abyss vault, 2 transporters, Elebi's ghost, journeyman DrSh
Lair:5 exclusion: obsidian statue
Swamp:1 exclusion: downstairs
Swamp:4 2 runed translucent doors, IAmTheZeppo's ghost, journeyman MiFi
Spider:1 3 runed translucent doors, exclusion: downstairs, Honosyedgha's ghost, adept GrBe; Ikly's ghost, journeyman GrFi; Jitzel's ghost, adept DjFE; Roxanne
Spider:2 3 runed translucent doors, exclusion: 2 downstairs, Aviun's ghost, adept SpEn
Elf:1 dig(bazaar)
Elf:2 2 transporters, Kunluaro's ghost, journeyman HuEE
Depths:1 2 transporters, exclusions: hell knight, 2 reapers and 3 more exclusions, Barug's ghost, adept TrMo
Zot:2 exclusion: 2 downstairs


Innate Abilities, Weirdness & Mutations

You are a living statue of rough stone.
Your actions are slow, but your melee attacks are powerful.
You are resistant to unholy torment.
Your maximum health is greatly increased.
Your equipment is partially melded.
You are amphibious.
You are immune to poison.
((You cover ground slowly.))
You can hop long distances.
You have an extended range of vision and can be seen from far away.
You are agile. (Dex +4, Str/Int -1)
Your magical capacity is low. (-10% MP)
You passively dampen the noise of your surroundings.
Your health recovers twice as slowly from being drained.


Message History

There is a stone staircase leading down here.
What level of the Dungeon? (default 1, ? - help) You're already here!
A demonspawn corrupter and a demonspawn warmonger come into view.
The demonspawn corrupter is wielding a +1 demon blade of pain.
The demonspawn warmonger is wielding a +4 great sword of draining.
The demonspawn corrupter shouts!
The demonspawn warmonger shouts!
The demonspawn warmonger unwields a +4 great sword of draining.
The demonspawn warmonger wields a +0 arbalest of freezing.
It is covered in frost.
The demonspawn warmonger shoots a bolt.
The bolt completely misses you.
The demonspawn corrupter calls down the wrath of Lugonu upon you.
The entropic weave corrodes you!
Okay, then.
Press: ? - help, v - describe, . - travel
Here: a demonspawn corrupter, wielding a +1 demon blade of pain, wearing a +0 ring mail and wearing a +0 kite shield The floor.
Blink to where?
Press: ? - help, Dir - move target A cacodemon comes into view.
As you read the scroll of blinking, it crumbles to dust.
The demonspawn warmonger unwields a +0 arbalest of freezing.
The demonspawn warmonger wields a +4 great sword of draining.
You sense an unholy aura.
You block the demonspawn warmonger's attack. x3
The cacodemon barely misses you. The cacodemon completely misses you.
The demonspawn corrupter calls forth creatures from the Realm of Zot!
The demonspawn warmonger misses you.
The demonspawn warmonger claws you but does no damage.
The demonspawn warmonger completely misses you.
The demonspawn corrupter hits you but does no damage.
The demonspawn corrupter kicks you. The cacodemon gestures at you.
You resist with almost no effort.
The demonspawn warmonger closely misses you.
The demonspawn warmonger completely misses you.
You block the demonspawn warmonger's attack.
You block the cacodemon's attack. The cacodemon completely misses you.
You block the demonspawn corrupter's attack.
The demonspawn corrupter completely misses you.
You have escaped!

#.# #...# #.# #.#
#######.###...# #.# #.#
#.....#.......#######.# #.#
#.....####............# #.#
##.....# #...##'##....# #.#
.......# #...#...#....# #.#
.......# #.###.⌠.###..# #.#
.......# #.#..6.q..#..# #.#
...##### #.#.⌠.82⌠.#..# #.#
...# #.#...6D..#..# #.#
...##### #.###.y.###..# #.#
#.#....# #...#...#....####[#
#.#....# #...##+##....#....#
#.#....####............#.####
#.#......................#
#.###....#####..##########
#.# #....# #..##


You could see a demonspawn warmonger, a golden dragon (summoned), a cacodemon, a
demonspawn corrupter, a white draconian stormcaller (summoned) and a moth of
wrath (summoned).

Vanquished Creatures
  Frederick (Depths:3)
  6 dread liches
  9 orbs of fire
  2 ancient liches (Zot:4)
  Mara (Swamp:3)
  Mennas (Crypt:1)
  13 Killer Klowns
  A curse toe (Zot:3)
  Saint Roka (Elf:2)
  Margery (Vaults:3)
  13 golden dragons
  the Enchantress (Depths:2)
  Norris (Elf:2)
  Nikola (Vaults:1)
  3 doom hounds (Crypt:1)
  Arachne (Spider:1)
  4 electric golems
  Mlioglotl (Spider:3)
  30 Orb Guardians
  A pandemonium lord (Zot:1)
  17 tentacled monstrosities
  An Ice Fiend (Zot:5)
  6 liches
  A walking crystal tome (Depths:3)
  3 deep elf blademasters
  Grunn (Crypt:1)
  A searing wretch (Vaults:3)
  2 deep elf master archers (Elf:3)
  A titan (Vaults:5)
  9 quicksilver dragons
  2 Executioners
  A walking divine tome (Depths:4)
  4 sphinxes
  7 death cobs
  Frances (Spider:1)
  3 ancient champions
  3 thorn hunters
  Gastronok (Lair:2)
  Aizul (Spider:1)
  5 shadow dragons
  Donald (Spider:2)
  Agnes (Spider:3)
  13 storm dragons
  5 fire giants
  A revenant (Crypt:1)
  5 tengu reavers
  4 protean progenitors
  11 draconian monks
  13 draconian knights
  6 frost giants
  10 deep elf sorcerers
  5 ghost moths
  18 vault wardens
  Louise (D:14)
  4 draconian shifters
  2 iron dragons (Vaults:5)
  2 deep elf elementalists (Elf:3)
  10 ghouls
  13 draconian scorchers
  A balrug (D:15)
  6 spectral caustic shrikes (Depths:3)
  10 ironbound preservers
  A curse skull (Crypt:1)
  2 broodmothers (Spider:3)
  9 draconian annihilators
  An angel (D:13)
  4 spriggan defenders (Depths:2)
  18 very ugly things
  3 draconian stormcallers
  A formless jellyfish (Vaults:3)
  12 stone giants
  7 vampire knights
  8 ironbound thunderhulks
  2 orc warlords
  10 deep elf demonologists
  4 eleionomae
  11 deep elf annihilators
  9 deep elf death magi
  10 black draconians
  9 green draconians
  5 war gargoyles
  9 yellow draconians
  4 bunyips
  9 purple draconians
  21 red draconians
  19 dire elephants
  A minotaur (Gauntlet)
  11 white draconians
  5 spark wasps
  A green death (D:5)
  18 ettins
  2 eidola
  A crystal guardian (Vaults:4)
  5 jiangshi
  13 yaktaur captains
  6 statues (Depths:3)
  8 fire dragons
  4 deep elf high priests
  A spriggan zombie (Crypt:1)
  23 hydras
  4 entropy weavers
  A hell beast (Gauntlet)
  4 ice dragons
  A shambling mangrove (Swamp:4)
  7 great orbs of eyes
  7 ironbound frosthearts
  3 rakshasas
  3 ogre magi
  6 spriggan air magi
  4 ghost crabs
  3 salamander tyrants (Depths:3)
  5 peacekeepers
  33 vault guards
  3 alligators
  17 centaur warriors
  9 boulder beetles
  3 jorogumos (Spider:4)
  22 dancing weapons
  9 deep troll earth magi
  A radroach (Spider:2)
  2 death knights
  7 deep troll shamans
  3 two-headed ogres (shapeshifter)
  3 satyrs (Depths:2)
  15 two-headed ogres
  4 vampire magi
  3 tengu warriors
  11 death yaks
  5 death scarabs (Spider:4)
  2 orc high priests
  4 occultists
  A thrashing horror (Abyss:3)
  5 demonic crawlers
  A spectral emperor scorpion (Spider:4)
  2 hell knights (Vaults:3)
  A shock serpent (shapeshifter) (Vaults:5)
  11 spriggan berserkers
  14 deep elf knights
  7 soul eaters
  A shadow wraith (Crypt:2)
  5 iron trolls
  Sonja (D:11)
  3 sun demons
  8 skeletal warriors
  7 skysharks
  A wretched star (Abyss:3)
  7 pharaoh ants
  3 goliath frogs
  A spectral anaconda (Lair:5)
  3 salamander mystics (Depths:4)
  5 spriggan druids
  2 anaconda zombies
  A bunyip zombie (Swamp:4)
  10 orb spiders
  2 sixfirhies
  38 deep trolls
  2 sun moths (Spider:2)
  10 swamp dragons
  10 arcanists
  6 deep elf archers
  A glowing orange brain (shapeshifter) (Depths:4)
  A bunyip skeleton (Crypt:1)
  3 spectral wolf spiders (Spider:4)
  8 necromancers
  7 bog bodies
  13 phantasmal warriors
  12 lindwurms
  10 orc knights
  4 steelbarb worms
  24 ironbound convokers
  15 deep elf zephyrmancers
  27 deep elf pyromancers
  9 harpies
  A broodmother zombie (Crypt:2)
  14 wolf spiders
  19 ugly things
  7 orc sorcerers
  6 cyclopes
  2 will-o-the-wisps
  7 fauns
  3 manticores
  5 large abominations (Abyss:3)
  Maurice (D:7)
  42 moths of wrath
  10 salamanders (Depths:4)
  11 elephants
  A meliai (shapeshifter) (D:12)
  9 meliai
  An eleionoma skeleton (Crypt:1)
  18 cane toads
  9 black mambas
  18 vault sentinels
  3 smoke demons (Depths:1)
  A dire elephant skeleton (Lair:5)
  3 gargoyles
  A hellion (D:5)
  A torpor snail (shapeshifter) (Vaults:5)
  2 efreet
  8 torpor snails
  3 unseen horrors
  11 komodo dragons
  A redback zombie (Spider:4)
  2 spectral redbacks (Spider:4)
  A minotaur zombie (Crypt:1)
  2 rime drakes (Lair:5)
  A minotaur skeleton (Crypt:2)
  A bunyip simulacrum (Swamp:4)
  4 freezing wraiths
  13 yaktaurs
  A tormentor (Depths:1)
  12 tengu conjurers
  A harpy zombie (Crypt:1)
  6 guardian mummies
  An iron troll skeleton (Crypt:1)
  11 trolls
  A queen bee (shapeshifter) (Elf:3)
  3 polar bears
  5 spectral culicivoras (Spider:4)
  7 tyrant leeches
  22 hornets
  An alligator simulacrum (Swamp:4)
  23 tarantellas
  2 spectral tarantellas (Spider:4)
  Prince Ribbit (D:5)
  A raiju (shapeshifter) (D:14)
  9 saltlings (Orc:2)
  18 blink frogs
  A culicivora zombie (Spider:4)
  5 raiju
  A spectral jumping spider (Spider:4)
  6 dream sheep (Lair:5)
  A tarantella zombie (Spider:4)
  A dream sheep (shapeshifter) (D:13)
  2 jumping spider zombies (Spider:4)
  21 jumping spiders
  A spectral elephant (Lair:5)
  50 slime creatures
  A centaur simulacrum (D:14)
  27 spriggans
  3 ynoxinuls
  30 culicivoras
  A shadow (D:8)
  A small abomination (Abyss:3)
  2 spriggans (shapeshifter)
  A dire elephant simulacrum (Crypt:1)
  5 wraiths
  4 water elementals
  4 vampires
  2 fire elementals
  48 yaks
  2 wyverns
  A basilisk (D:11)
  4 wargs
  A steam dragon (Gauntlet)
  2 death yak simulacra (Lair:5)
  A chaos spawn (D:3)
  49 redbacks
  7 vampire mosquitoes
  2 spectral cane toads (Lair:5)
  12 swamp worms
  A naga (shapeshifter) (Elf:3)
  Edmund (D:6)
  3 acid dragons
  12 water moccasins
  4 hell hounds
  A hydra simulacrum (Swamp:4)
  A two-headed ogre skeleton (Crypt:1)
  Duvessa (D:6)
  3 ice beasts
  27 orc warriors
  9 swamp drakes
  4 sky beasts
  2 black bears
  20 laughing skulls
  3 ogres
  2 swamp dragon zombies (Swamp:4)
  19 wolves
  4 centaurs
  5 kobold brigands
  A fire crab zombie (Crypt:2)
  An earth elemental (Elf:1)
  17 bullfrogs
  3 necrophages
  6 scorpions
  A gnoll sergeant (D:3)
  A cane toad simulacrum (Lair:5)
  2 yaktaur skeletons
  Dowan (D:6)
  3 killer bees (D:10)
  A killer bee (shapeshifter) (Vaults:5)
  2 swamp dragon simulacra (Swamp:4)
  4 elephant simulacra (Lair:5)
  3 howler monkeys
  3 electric eels (D:11)
  A troll skeleton (Crypt:2)
  5 bombardier beetles
  9 hounds
  17 orc priests
  3 human zombies
  A centaur skeleton (Crypt:2)
  2 jellies (D:6)
  A sleepcap (D:7)
  6 iguanas
  Terence (D:2)
  A basilisk skeleton (Crypt:2)
  21 orc wizards
  4 hell rats (Lair:2)
  An ice beast zombie (Crypt:1)
  2 mummies
  13 gnolls
  17 adders
  5 ufetubi
  An iguana zombie (Crypt:1)
  2 iguana skeletons
  12 dart slugs
  82 orcs
  7 endoplasms
  10 giant cockroaches
  5 goblins
  3 hobgoblins
  8 quokkas
  14 ball pythons
  2 bats (D:1)
  12 frilled lizards
  27 kobolds
  4 rats
  2 aspiring fleshes
2235 creatures vanquished.

Vanquished Creatures (others)
  A fire giant (Vaults:5)
  2 deep elf zephyrmancers
  5 bloated husks
  An orc warrior (Elf:3)
  11 foxfires
20 creatures vanquished.

Grand Total: 2255 creatures vanquished

Notes
Turn   | Place    | Note
-------+----------+-------------------------------------------
     0 | D:1      | naoky the Barachi Shapeshifter began the quest for the Orb.
     0 | D:1      | Reached XP level 1. HP: 15/15 MP: 1/1
   109 | D:1      | Found Xapsaudd's Antique Armour Shoppe.
   175 | D:1      | Reached XP level 2. HP: 21/21 MP: 2/2
   929 | D:2      | Reached XP level 3. HP: 11/26 MP: 3/3
  1554 | D:2      | Reached skill level 5 in Unarmed Combat
  1566 | D:2      | Noticed Terence
  1613 | D:2      | Reached XP level 4. HP: 32/32 MP: 4/4
  1644 | D:2      | Killed Terence
  1645 | D:2      | Reached XP level 5. HP: 37/37 MP: 5/5
  2329 | D:3      | Found a shimmering altar of Xom.
  2383 | D:3      | Noticed a water moccasin
  2526 | D:3      | Killed a water moccasin
  2527 | D:3      | Reached XP level 6. HP: 39/43 MP: 6/6
  2634 | D:3      | Found an iron altar of Okawaru.
  2634 | D:3      | Found a runed translucent door.
  2641 | D:3      | Found the +0 toga "Victory" {*Victory Clar}
  2657 | D:3      | Became a worshipper of Warmaster Okawaru
  2753 | D:1      | Bought a runed cloak for 202 gold pieces
  3187 | D:3      | Found an ancient bone altar of Kikubaaqudgha.
  3591 | D:4      | Found a staircase to the Ecumenical Temple.
  3607 | D:4      | Reached XP level 7. HP: 48/48 MP: 7/7
  3624 | D:4      | Reached * piety under Okawaru
  3657 | D:4      | Found a sparkling altar of Nemelex Xobeh.
  3914 | D:4      | Found a shadowy altar of Dithmenos.
  3951 | D:4      | Reached skill level 1 in Invocations
  4266 | D:5      | Entered Level 5 of the Dungeon
  4374 | D:5      | Found a broken altar of Ashenzari.
  4422 | D:5      | Reached XP level 8. HP: 54/54 MP: 9/9
  4493 | D:5      | Reached skill level 10 in Unarmed Combat
  4502 | D:5      | Found a glowing drain.
  4520 | Sewer    | Entered a sewer
  4938 | Sewer    | Reached skill level 1 in Armour
  5150 | D:5      | Found a basalt altar of Yredelemnul.
  5172 | D:5      | Found a hide-covered altar of Uskayaw.
  5214 | D:5      | Reached ** piety under Okawaru
  5534 | D:5      | Noticed Prince Ribbit
  5549 | D:5      | Killed Prince Ribbit
  5550 | D:5      | Reached skill level 5 in Fighting
  5550 | D:5      | Reached skill level 5 in Armour
  5746 | D:6      | Noticed Edmund
  5760 | D:6      | Killed Edmund
  5761 | D:6      | Reached XP level 9. HP: 68/68 MP: 10/10
  6204 | D:6      | Noticed Dowan
  6205 | D:6      | Noticed Duvessa
  6610 | D:7      | Reached *** piety under Okawaru
  7142 | D:7      | Noticed Maurice
  7154 | D:7      | Killed Maurice
  7155 | D:7      | Reached XP level 10. HP: 60/76 MP: 11/11
  7192 | D:7      | Reached **** piety under Okawaru
  7334 | D:7      | Found a shimmering blue altar of Sif Muna.
  7606 | D:8      | Noticed a two-headed ogre
  7844 | D:8      | Killed a two-headed ogre
  8233 | D:8      | Found Zin's Purification Station.
  8236 | D:8      | Found a glowing silver altar of Zin.
  8368 | D:8      | Reached skill level 5 in Invocations
  9025 | D:9      | Found a radiant altar of Vehumet.
  9069 | D:9      | Found Ganemis's Weapon Emporium.
  9144 | D:9      | Found a burning altar of Makhleb.
  9147 | D:9      | Noticed a two-headed ogre
  9147 | D:9      | Noticed a two-headed ogre
  9165 | D:9      | Killed a two-headed ogre
  9169 | D:9      | Killed a two-headed ogre
  9169 | D:9      | Reached ***** piety under Okawaru
  9170 | D:9      | Reached XP level 11. HP: 61/84 MP: 8/17
  9564 | D:9      | Noticed a two-headed ogre
  9590 | D:9      | Killed a two-headed ogre
  9712 | D:10     | Entered Level 10 of the Dungeon
  9793 | D:10     | Found a stormy altar of Qazlal.
  9793 | D:10     | Found a blossoming altar of Fedhas.
  9847 | D:10     | Identified the +1 leather armour of Inquiry {Regen+}
 10044 | D:10     | Noticed a skeletal warrior
 10110 | D:10     | Noticed a skeletal warrior
 10164 | D:10     | Noticed a skeletal warrior
 10226 | D:10     | Killed a skeletal warrior
 10337 | D:10     | Killed a skeletal warrior
 10350 | D:10     | Killed a skeletal warrior
 11055 | D:10     | Found a staircase to the Orcish Mines.
 11072 | D:10     | Reached skill level 15 in Unarmed Combat
 11227 | D:11     | Noticed Sonja
 11278 | D:11     | Noticed a cyclops
 11492 | D:11     | Killed a cyclops
 11493 | D:11     | Reached skill level 4 in Shapeshifting
 11723 | D:11     | Killed Sonja
 11724 | D:11     | Reached skill level 5 in Shapeshifting
 11791 | D:11     | Reached skill level 6 in Shapeshifting
 11791 | D:11     | Reached XP level 12. HP: 60/92 MP: 18/18
 12067 | D:11     | Reached skill level 7 in Shapeshifting
 12171 | D:11     | Received a gift from Okawaru
 12989 | D:11     | Found a staircase to the Lair.
 13277 | Lair:1   | Entered Level 1 of the Lair of Beasts
 13297 | D:11     | Reached skill level 8 in Shapeshifting
 13619 | Lair:1   | Reached skill level 9 in Shapeshifting
 13795 | Lair:1   | Reached skill level 10 in Shapeshifting
 13877 | Lair:1   | Received a gift from Okawaru
 14277 | Lair:2   | Noticed Elebi's ghost (journeyman DrSh)
 14335 | Lair:2   | Found a staircase to the Swamp.
 14340 | Lair:2   | Noticed a six-headed hydra
 14351 | Lair:2   | Killed a six-headed hydra
 14352 | Lair:2   | Reached skill level 5 in Dodging
 14515 | Lair:2   | Found a hole to the Spider Nest.
 14768 | Lair:2   | Gained mutation: You can hop long distances. [Barachi
                  | growth]
 14768 | Lair:2   | Reached XP level 13. HP: 96/100 MP: 19/19
 14982 | Lair:2   | Found a one-way gate to the infinite horrors of the Abyss.
 15061 | Lair:2   | Noticed Gastronok
 15220 | Lair:2   | Found a transporter.
 15223 | Lair:2   | Found a transporter.
 15225 | Lair:2   | Noticed a rakshasa
 15443 | Lair:3   | Reached skill level 10 in Dodging
 15452 | Lair:3   | Reached ****** piety under Okawaru
 15498 | Lair:3   | Received a gift from Okawaru
 15627 | Lair:3   | Reached skill level 10 in Fighting
 15741 | Lair:3   | Found a gate leading to a gauntlet.
 15773 | Gauntlet | Entered a Gauntlet
 15773 | Gauntlet | Found a transporter.
 15773 | Gauntlet | Found a transporter.
 15773 | Gauntlet | Found a transporter.
 15806 | Gauntlet | Found a transporter.
 15807 | Gauntlet | Found a transporter.
 15817 | Gauntlet | Found a transporter.
 15820 | Gauntlet | Found a transporter.
 15820 | Gauntlet | Noticed a blizzard demon
 15825 | Gauntlet | Found a transporter.
 15843 | Gauntlet | Found a transporter.
 15861 | Gauntlet | Found a transporter.
 15864 | Gauntlet | Found a transporter.
 15877 | Gauntlet | Found a transporter.
 16074 | Gauntlet | Found the +5 moon troll leather armour {Spirit, Regen++
                  | MP+5}
 16074 | Gauntlet | Noticed a minotaur
 16080 | Gauntlet | Killed a minotaur
 16085 | Gauntlet | Identified the +1 rapier of Eternal Night {flame, *Rage
                  | MP-9 Int+6 Dex+3}
 16086 | Gauntlet | Got the Compilation of Galvanic Points
 16449 | Lair:3   | Received a gift from Okawaru
 17144 | Lair:4   | Reached XP level 14. HP: 118/118 MP: 20/20
 17337 | Lair:4   | Found a transporter.
 17376 | Lair:4   | Found a transporter.
 17812 | Lair:4   | Received a gift from Okawaru
 18203 | Lair:5   | Entered Level 5 of the Lair of Beasts
 18782 | Lair:5   | Reached skill level 15 in Fighting
 18793 | Lair:5   | Received a gift from Okawaru
 18918 | Lair:5   | Found a staircase to the Slime Pits.
 19351 | Lair:5   | Noticed a dire elephant
 19351 | Lair:5   | Noticed a dire elephant
 19404 | Lair:5   | Noticed a dire elephant
 19571 | Orc:1    | Entered Level 1 of the Orcish Mines
 20273 | Orc:2    | Entered Level 2 of the Orcish Mines
 20483 | Orc:2    | Received a gift from Okawaru
 20614 | Orc:2    | Reached XP level 15. HP: 131/131 MP: 21/21
 20687 | Orc:2    | Found a staircase to the Elven Halls.
 20838 | Orc:2    | Noticed an orc warlord
 20894 | Orc:1    | Killed an orc warlord
 20934 | Orc:2    | Paralysed by an orc sorcerer for 4 turns
 21161 | Orc:2    | Paralysed by an orc sorcerer for 5 turns
 21253 | Orc:2    | Found Zewaheof's Distillery.
 21293 | Orc:2    | Found Ceyph's Antique Armour Boutique.
 21323 | Orc:2    | Found Xaschyss's Magic Scroll Boutique.
 21341 | Orc:2    | Found Topnush's Book Shop.
 21438 | Orc:2    | Found Umo Reu's Antique Weapon Shop.
 21867 | D:6      | Found an ornate altar of the Wu Jian Council.
 22153 | D:6      | Killed Duvessa
 22163 | D:6      | Killed Dowan
 22581 | Lair:5   | Acquired the +7 plate armour of Tiezxa Near {*Corrode Will+
                  | MP+9 Int+3}
 22581 | Lair:5   | Received a gift from Okawaru
 22611 | Lair:5   | Acquired the +8 broad axe of the Known World {flame, rC+}
 22611 | Lair:5   | Received a gift from Okawaru
 22824 | Lair:5   | Received a gift from Okawaru
 23362 | Orc:2    | Bought a potion of heal wounds for 80 gold pieces
 23362 | Orc:2    | Bought a potion of heal wounds for 80 gold pieces
 23381 | Orc:2    | Bought 2 scrolls of noise for 26 gold pieces
 23381 | Orc:2    | Bought a scroll of identify for 26 gold pieces
 23381 | Orc:2    | Bought a scroll of identify for 26 gold pieces
 23381 | Orc:2    | Bought a scroll of identify for 26 gold pieces
 23381 | Orc:2    | Bought a scroll of teleportation for 39 gold pieces
 23574 | Orc:2    | Bought a pair of embroidered gloves for 150 gold pieces
 24040 | D:12     | Reached skill level 15 in Dodging
 24430 | D:12     | Received a gift from Okawaru
 24952 | D:13     | Found a gate to the Vaults.
 25493 | D:14     | Reached XP level 16. HP: 98/143 MP: 22/22
 25587 | D:14     | Reached skill level 11 in Shapeshifting
 25873 | D:14     | Noticed Louise
 25889 | D:14     | Killed Louise
 25944 | D:14     | Identified the maw talisman of Entitlement {Will- Str+5
                  | Int+3}
 25977 | D:14     | Found a basalt altar of Yredelemnul.
 26117 | D:14     | Received a gift from Okawaru
 26164 | D:14     | Found Geethrot's Weapon Boutique.
 26230 | D:14     | Reached skill level 12 in Shapeshifting
 26271 | D:15     | Entered Level 15 of the Dungeon
 26346 | D:15     | Found a staircase to the Depths.
 27200 | D:15     | Reached skill level 13 in Shapeshifting
 27265 | D:15     | Received a gift from Okawaru
 27377 | D:15     | Found Afeky's Weapon Shoppe.
 27661 | Orc:2    | Bought a potion of ambrosia for 128 gold pieces
 28071 | Spider:1 | Entered Level 1 of the Spider Nest
 28404 | Spider:1 | Identified the serpent talisman of Vomn {Dex+2}
 28404 | Spider:1 | Noticed Aizul
 28415 | Spider:1 | Killed Aizul
 28416 | Spider:1 | Reached skill level 14 in Shapeshifting
 28445 | Spider:1 | Noticed Roxanne
 28624 | Spider:1 | Found a runed translucent gate.
 28624 | Spider:1 | Found a runed translucent gate.
 28624 | Spider:1 | Found a runed translucent gate.
 28641 | Spider:1 | Noticed Ikly's ghost (journeyman GrFi)
 28641 | Spider:1 | Noticed Honosyedgha's ghost (adept GrBe)
 28641 | Spider:1 | Noticed Jitzel's ghost (adept DjFE)
 28705 | Spider:1 | Received a gift from Okawaru
 28706 | Spider:1 | Noticed Frances
 28714 | Spider:1 | Killed Frances
 29678 | Spider:1 | Reached skill level 15 in Shapeshifting
 29709 | Spider:2 | Noticed Arachne
 29723 | Spider:1 | Killed Arachne
 29723 | Spider:1 | Received a gift from Okawaru
 30014 | Spider:2 | Reached XP level 17. HP: 149/149 MP: 23/23
 30245 | Spider:2 | Reached skill level 16 in Shapeshifting
 30280 | Spider:2 | Found a runed translucent gate.
 30280 | Spider:2 | Found a runed translucent gate.
 30280 | Spider:2 | Found a runed translucent gate.
 30282 | Spider:2 | Noticed Aviun's ghost (adept SpEn)
 30291 | Spider:2 | Reached skill level 1 in Shields
 30376 | Spider:2 | Reached XP level 18. HP: 156/156 MP: 24/24
 30536 | Spider:2 | Noticed Donald
 30550 | Spider:2 | Killed Donald
 30945 | Spider:3 | Noticed Agnes
 32695 | Spider:3 | Killed Agnes
 33024 | Spider:3 | Noticed Mlioglotl
 33036 | Spider:3 | Killed Mlioglotl
 33036 | Spider:3 | Received a gift from Okawaru
 33369 | Spider:4 | Entered Level 4 of the Spider Nest
 33426 | Spider:3 | Reached skill level 10 in Shields
 34858 | Spider:4 | Received a gift from Okawaru
 35620 | Spider:4 | Got a gossamer rune of Zot
 35633 | Spider:4 | Identified the +1 pair of gloves of Evolution {rC+}
 36335 | Lair:4   | Identified the scarf "Nenkaxzo" {harm, rPois Int-5 Stlth+}
 36512 | Orc:2    | Bought a scroll of poison for 52 gold pieces
 36512 | Orc:2    | Bought a scroll of poison for 52 gold pieces
 36661 | Lair:2   | Killed Gastronok
 36767 | Swamp:1  | Entered Level 1 of the Swamp
 36772 | Swamp:2  | Found a broken altar of Ashenzari.
 36781 | Swamp:1  | Reached XP level 19. HP: 163/163 MP: 25/25
 37889 | Swamp:4  | Entered Level 4 of the Swamp
 37899 | Swamp:3  | Received a gift from Okawaru
 38154 | Swamp:3  | Noticed Mara
 38155 | Swamp:3  | Noticed naoky's illusion
 38263 | Swamp:3  | Identified the ring "Ezouf" {Wiz rC+ Will+ Int+3}
 38304 | Swamp:3  | Noticed naoky's illusion
 38684 | Swamp:3  | Noticed naoky's illusion
 38694 | Swamp:3  | Killed Mara
 39010 | Swamp:3  | Received a gift from Okawaru
 39148 | Swamp:4  | Reached skill level 15 in Shields
 39313 | Swamp:4  | Got a decaying rune of Zot
 39664 | Swamp:4  | Found a large runed translucent door.
 39664 | Swamp:4  | Found a large runed translucent door.
 39670 | Swamp:4  | Noticed IAmTheZeppo's ghost (journeyman MiFi)
 39873 | Swamp:4  | Learned a level 2 spell: Blink
 40076 | Elf:1    | Entered Level 1 of the Elven Halls
 40076 | Elf:1    | Found a runed translucent gate.
 40076 | Elf:1    | Found a runed translucent gate.
 40076 | Elf:1    | Found a runed translucent gate.
 40076 | Elf:1    | Found a runed translucent gate.
 40076 | Elf:1    | Found a runed translucent gate.
 40076 | Elf:1    | Found a runed translucent gate.
 40076 | Elf:1    | Found a runed translucent door.
 40076 | Elf:1    | Found a runed translucent door.
 40100 | Elf:1    | Reached skill level 1 in Translocations
 40351 | Elf:1    | Noticed a Brimstone Fiend
 40358 | Elf:1    | Noticed a Hell Sentinel
 40497 | Orc:2    | Reached skill level 1 in Spellcasting
 40551 | Elf:1    | Received a gift from Okawaru
 40916 | Elf:1    | Reached XP level 20. HP: 170/170 MP: 24/26
 40941 | Elf:1    | Reached skill level 5 in Translocations
 41013 | Elf:1    | Found a gateway to a bazaar.
 41567 | Elf:2    | Found a transporter.
 41600 | Elf:2    | Found a transporter.
 41604 | Elf:2    | Noticed Kunluaro's ghost (journeyman HuEE)
 41703 | Elf:2    | Identified a scroll of acquirement
 41704 | Abyss:3  | Cast into level 3 of the Abyss (a deep elf sorcerer)
 41741 | Abyss:3  | Found a corrupted altar of Lugonu.
 41748 | Abyss:3  | Found a corrupted altar of Lugonu.
 41748 | Abyss:3  | Found a corrupted altar of Lugonu.
 41748 | Abyss:3  | Found a corrupted altar of Lugonu.
 42044 | Abyss:3  | Received a gift from Okawaru
 42053 | Elf:2    | Escaped the Abyss
 42131 | Elf:2    | Found a runed translucent gate.
 42132 | Elf:2    | Found a runed translucent gate.
 42132 | Elf:2    | Found a runed translucent gate.
 42261 | Elf:2    | Noticed Saint Roka
 42282 | Elf:2    | Killed Saint Roka
 43251 | Elf:2    | Noticed Norris
 43269 | Elf:2    | Killed Norris
 43269 | Elf:2    | Received a gift from Okawaru
 43567 | Elf:3    | Entered Level 3 of the Elven Halls
 43726 | Elf:2    | Found a shimmering blue altar of Sif Muna.
 43828 | Elf:3    | Identified the +5 morningstar "Egg" {venom, rPois Str+5
                  | Int-3}
 44593 | Elf:3    | Received a gift from Okawaru
 44639 | Elf:3    | Found Zicyshro's General Store.
 44653 | Elf:3    | Bought 2 potions of enlightenment for 200 gold pieces
 44653 | Elf:3    | Bought 2 potions of enlightenment for 200 gold pieces
 44653 | Elf:3    | Bought a scroll of poison for 80 gold pieces
 44663 | Elf:3    | Identified the ring of Vast {rF+ Will+ rCorr Int+6}
 44925 | Elf:3    | Noticed a Tzitzimitl
 45223 | Elf:2    | Reached XP level 21. HP: 173/176 MP: 27/27
 45471 | Elf:3    | Identified the +7 great sword of Gallantry {drain, *Rage
                  | *Slow rElec Dex+5}
 45782 | Elf:3    | Identified the +7 quarterstaff "Viphinnimu" {freeze, SInv}
 46619 | Elf:3    | Identified the +8 plate armour of Resilience {rPois Str+3}
 46648 | Elf:3    | Got Nere's Octavo of Rocky Misfortune
 46832 | Elf:3    | Learned a level 3 spell: Frozen Ramparts
 46836 | Elf:3    | Learned a level 3 spell: Ozocubu's Armour
 47214 | Lair:1   | Acquired the ring "Amall" {+Blink rF+ rN++ Will+++ Dex-2}
 47321 | Vaults:1 | Entered Level 1 of the Vaults
 47321 | Vaults:1 | Noticed Nikola
 47334 | Vaults:1 | Killed Nikola
 47335 | Vaults:1 | Reached skill level 1 in Ice Magic
 47806 | D:13     | Reached skill level 5 in Ice Magic
 48830 | Vaults:1 | Received a gift from Okawaru
 49629 | Vaults:2 | Found Kefitsar's Armour Boutique.
 49794 | Vaults:2 | Received a gift from Okawaru
 50518 | Vaults:2 | Reached XP level 22. HP: 185/185 MP: 28/28
 50585 | Vaults:2 | Found Viriro Gebre's Jewellery Shoppe.
 50750 | Vaults:2 | Found a staircase to the Crypt.
 50750 | Vaults:2 | Found a basalt altar of Yredelemnul.
 50751 | Vaults:2 | Found an ancient bone altar of Kikubaaqudgha.
 51029 | Vaults:3 | Received a gift from Okawaru
 51135 | Vaults:3 | Noticed Margery
 51156 | Vaults:3 | Killed Margery
 51737 | Vaults:3 | Reached skill level 17 in Shapeshifting
 52690 | Vaults:3 | Found a portal to a secret trove of treasure.
 53191 | Vaults:4 | Identified the +0 short sword of Ixkoal {holy, rC- rN+++
                  | Str+3 Dex-4 Stlth+}
 53251 | Vaults:4 | Noticed a dread lich
 53258 | Vaults:4 | Killed a dread lich
 53258 | Vaults:4 | Received a gift from Okawaru
 53293 | Vaults:4 | Identified the +1 dagger of the Pariah {drain, rF+ Will+
                  | Str-2 Int+5}
 54291 | Crypt:1  | Entered Level 1 of the Crypt
 54527 | Vaults:2 | Received a gift from Okawaru
 54533 | Vaults:2 | Reached XP level 23. HP: 196/196 MP: 29/29
 55084 | Crypt:1  | Noticed Mennas
 55109 | Crypt:1  | Killed Mennas
 55110 | Crypt:1  | Reached skill level 18 in Shapeshifting
 55246 | Crypt:1  | Noticed Grunn
 55266 | Crypt:1  | Received a gift from Okawaru
 55288 | Crypt:1  | Killed Grunn
 56411 | Crypt:3  | Entered Level 3 of the Crypt
 56499 | Crypt:2  | Received a gift from Okawaru
 56802 | Depths:1 | Entered Level 1 of the Depths
 56802 | Depths:1 | Found a one-way gateway to a ziggurat.
 57066 | Depths:1 | Found Moisyos's Mail-Order Catalogue.
 57083 | Depths:1 | Reached skill level 19 in Shapeshifting
 57316 | Depths:1 | Found a transporter.
 57408 | Depths:1 | Noticed a golden dragon
 57409 | Depths:1 | Noticed Barug's ghost (adept TrMo)
 57424 | Depths:1 | Found a transporter.
 58188 | Depths:2 | Acquired 682 gold pieces
 58481 | Depths:2 | Found a gateway to Hell.
 58555 | Depths:2 | Received a gift from Okawaru
 58996 | Depths:2 | Reached skill level 20 in Shapeshifting
 59111 | Depths:2 | Reached XP level 24. HP: 208/208 MP: 29/29
 59417 | Depths:2 | Found a one-way gate leading to the halls of Pandemonium.
 59530 | Depths:2 | Noticed the Enchantress
 59596 | Depths:2 | Killed the Enchantress
 59802 | Depths:3 | Received a gift from Okawaru
 60968 | Depths:3 | Found a radiant altar of Vehumet.
 60968 | Depths:3 | Identified the orb of the Moon {*channel, Dex+2 Ice}
 60968 | Depths:3 | Noticed Frederick
 60979 | Depths:3 | Killed Frederick
 60979 | Depths:3 | Received a gift from Okawaru
 61278 | Depths:3 | Identified the +0 robe of Hopscotch {*Corrode Str+2 Dex+7
                  | SInv}
 61508 | Depths:4 | Entered Level 4 of the Depths
 62308 | Depths:4 | Found a gate to the Realm of Zot.
 62510 | Depths:4 | Reached XP level 25. HP: 214/214 MP: 29/29
 62586 | Depths:4 | Found a hazy altar of Hepliaklqana.
 63008 | Vaults:5 | Entered Level 5 of the Vaults
 63019 | Vaults:5 | Received a gift from Okawaru
 63787 | Vaults:5 | Noticed a dread lich
 63795 | Vaults:5 | Killed a dread lich
 63795 | Vaults:5 | Received a gift from Okawaru
 64407 | Vaults:5 | Noticed a dread lich
 64421 | Vaults:5 | Killed a dread lich
 64460 | Vaults:5 | Identified the ring of Accord {rPois rCorr Str+6}
 64696 | Vaults:5 | Reached skill level 21 in Shapeshifting
 65419 | Vaults:5 | Identified the ring of Siastac {Fly Str+4}
 65975 | Vaults:5 | Identified the +2 rapier of Jooprar {drain, rN+}
 66011 | Vaults:5 | Identified the +1 sling of Triumph {heavy, +Blink Will+
                  | Dex+6 Stlth+}
 66696 | Vaults:5 | Received a gift from Okawaru
 66801 | Vaults:5 | Got a silver rune of Zot
 66978 | Vaults:2 | Bought a +2 kite shield of fire resistance for 301 gold
                  | pieces
 67233 | Orc:2    | Bought a potion of resistance for 160 gold pieces
 67546 | Bazaar   | Entered a bazaar
 67546 | Bazaar   | Found Zisizak's General Store.
 67550 | Bazaar   | Bought a potion of heal wounds for 45 gold pieces
 67557 | Bazaar   | Found Kiusov's Antique Armour Emporium.
 67568 | Bazaar   | Found Doas's Distillery.
 67572 | Bazaar   | Found Koizor's Antique Weapon Boutique.
 67577 | Bazaar   | Bought a potion of heal wounds for 80 gold pieces
 67577 | Bazaar   | Bought a potion of haste for 160 gold pieces
 67577 | Bazaar   | Bought 2 potions of ambrosia for 256 gold pieces
 67577 | Bazaar   | Bought a potion of invisibility for 128 gold pieces
 67577 | Bazaar   | Bought a potion of might for 64 gold pieces
 67577 | Bazaar   | Bought a potion of enlightenment for 80 gold pieces
 67598 | Bazaar   | Found Vyellae's Book Shop.
 67625 | Bazaar   | Bought a runed helmet for 240 gold pieces
 67920 | Zot:1    | Entered Level 1 of the Realm of Zot
 68307 | Depths:4 | Reached skill level 22 in Shapeshifting
 68591 | Depths:4 | Reached XP level 26. HP: 224/224 MP: 29/29
 69311 | Zot:1    | Received a gift from Okawaru
 70228 | Zot:2    | You fall into a shaft and drop 2 floors!
 70238 | Zot:5    | Entered Level 5 of the Realm of Zot
 70509 | Zot:5    | Received a gift from Okawaru
 70510 | Zot:5    | Reached skill level 23 in Shapeshifting
 70763 | Zot:4    | Noticed an orb of fire
 70764 | Zot:4    | Noticed an orb of fire
 70764 | Zot:4    | Noticed an orb of fire
 70768 | Zot:4    | Gained mutation: You are occasionally teleported next to
                  | monsters. [an orb of fire]
 70775 | Zot:5    | Gained mutation: Armour fits poorly on your strangely
                  | shaped body. [an orb of fire]
 70779 | Zot:5    | Killed an orb of fire
 70780 | Zot:5    | Lost mutation: You are occasionally teleported next to
                  | monsters. [potion of mutation]
 70780 | Zot:5    | Lost mutation: Armour fits poorly on your strangely shaped
                  | body. [potion of mutation]
 70780 | Zot:5    | Gained mutation: You passively map a small area around you.
                  | [potion of mutation]
 70780 | Zot:5    | Gained mutation: Your body sometimes deteriorates upon
                  | taking damage. [potion of mutation]
 70780 | Zot:5    | Gained mutation: Your system is resistant to poisons.
                  | (rPois) [potion of mutation]
 71198 | Zot:4    | Gained mutation: Your magical capacity is low. (-10% MP)
                  | [an orb of fire]
 71203 | Zot:4    | Killed an orb of fire
 71338 | Zot:4    | Killed an orb of fire
 72195 | Zot:3    | Reached skill level 24 in Shapeshifting
 72487 | Zot:2    | Received a gift from Okawaru
 72593 | Zot:2    | Noticed a Killer Klown
 72613 | Zot:2    | Killed a Killer Klown
 72651 | Zot:2    | Reached XP level 27. HP: 231/231 MP: 26/26
 72817 | Zot:2    | Received a gift from Okawaru
 73468 | Zot:3    | Reached skill level 25 in Shapeshifting
 74065 | Zot:3    | Received a gift from Okawaru
 74203 | Zot:3    | Identified the +3 glaive "Fikhusom" {antimagic, rN+ Str+4}
 74296 | Zot:3    | Identified the amulet "Lisoma" {RegenMP *Slow +Inv Str+4}
 74328 | Zot:3    | Identified the +8 short sword "Yqapuo" {pain, rC++ Will++
                  | MP-9}
 74368 | Zot:3    | Reached skill level 10 in Armour
 74617 | Zot:3    | Noticed a dread lich
 74632 | Zot:3    | Killed a dread lich
 74637 | Zot:3    | Noticed a dread lich
 74651 | Zot:3    | Killed a dread lich
 74828 | Zot:3    | Found a candlelit altar of Ignis.
 75755 | Zot:5    | Noticed an ancient lich
 75757 | Zot:5    | Noticed a dread lich
 75771 | Zot:4    | Killed a dread lich
 75771 | Zot:4    | Received a gift from Okawaru
 75883 | Zot:4    | Killed an ancient lich
 76009 | Zot:5    | Noticed an ancient lich
 76020 | Zot:4    | Killed an ancient lich
 76023 | Zot:5    | Noticed an orb of fire
 76028 | Zot:5    | Gained mutation: You occasionally shout uncontrollably at
                  | your foes. [an orb of fire]
 76031 | Zot:4    | Gained mutation: Your spells are a little easier to cast,
                  | but a little less powerful. [an orb of fire]
 76035 | Zot:4    | Killed an orb of fire
 76036 | Zot:4    | Reached skill level 15 in Armour
 76051 | Zot:5    | Noticed an orb of fire
 76051 | Zot:5    | Gained mutation: You occasionally lose the ability to read
                  | scrolls when taking damage. [an orb of fire]
 76062 | Zot:4    | Gained mutation: Your health recovers twice as slowly from
                  | being drained. [an orb of fire]
 76069 | Zot:4    | Killed an orb of fire
 76070 | Zot:4    | Lost mutation: Your system is resistant to poisons. (rPois)
                  | [potion of mutation]
 76070 | Zot:4    | Lost mutation: You occasionally shout uncontrollably at
                  | your foes. [potion of mutation]
 76071 | Zot:4    | Lost mutation: You occasionally lose the ability to read
                  | scrolls when taking damage. [potion of mutation]
 76071 | Zot:4    | Lost mutation: Your magical capacity is low. (-10% MP)
                  | [potion of mutation]
 76071 | Zot:4    | Lost mutation: You passively map a small area around you.
                  | [potion of mutation]
 76071 | Zot:4    | Lost mutation: Your body sometimes deteriorates upon taking
                  | damage. [potion of mutation]
 76071 | Zot:4    | Gained mutation: You have a pair of small antennae on your
                  | head. [potion of mutation]
 76071 | Zot:4    | Gained mutation: You are agile. (Dex +4, Str/Int -1)
                  | [potion of mutation]
 76071 | Zot:4    | Gained mutation: You passively dampen the noise of your
                  | surroundings. [potion of mutation]
 76132 | Zot:5    | Noticed an orb of fire
 76138 | Zot:5    | Gained mutation: Your magical capacity is low. (-10% MP)
                  | [an orb of fire]
 76141 | Zot:5    | Killed an orb of fire
 76151 | Zot:5    | Noticed an orb of fire
 76176 | Zot:4    | Killed an orb of fire
 76282 | Zot:5    | Noticed an orb of fire
 76286 | Zot:5    | Lost mutation: Your spells are a little easier to cast, but
                  | a little less powerful. [an orb of fire]
 76288 | Zot:4    | Lost mutation: You have a pair of small antennae on your
                  | head. [an orb of fire]
 76298 | Zot:4    | Killed an orb of fire
 76356 | Zot:5    | Noticed an orb of fire
 76366 | Zot:4    | Killed an orb of fire
 76366 | Zot:4    | Received a gift from Okawaru
 76837 | Zot:5    | Reached skill level 10 in Invocations
 78961 | Zot:5    | Got the Orb of Zot
 79015 | Zot:5    | Received a gift from Okawaru
 79133 | Zot:1    | Noticed Siuch the pandemonium lord
 79144 | Zot:1    | Killed Siuch the pandemonium lord
 79167 | Depths:4 | Noticed an ancient lich
 79167 | Depths:4 | Noticed Foaskoir the pandemonium lord
 79594 | D:2      | Noticed Pism the pandemonium lord
 79618 | D:$      | Escaped with the Orb!

Illustrated notes

Levels and vault maps discovered:
D:1:      dpeg_arrival_simpleton_c, layout_basic, serial_shops,
          nicolae_shop_tiny_waterfront
D:2:      layout_loops_corners, fountainhead, hangedman_decor_growths,
          uniq_terence
D:3:      kennysheep_slugbush, layout_loops_corners,
          nicolae_overflow_guarded_unrand_okawaru_victory,
          general_overflow_altar, kiku_gazebo_pond_becter
D:4:      layout_basic, nicolae_dithmenos_the_darkroom, old_standard_altar,
          minmay_temple_entry_mist
D:5:      layout_basic, jmf_multi_god_temple2, cheibrodos_ashenzari_chains,
          serial_rivers, chequers_serial_rivers_micro_e,
          chequers_serial_rivers_micro_c, chequers_serial_rivers_large_a,
          chequers_serial_rivers_micro_c, gup_sewer_entry_pipe,
          solitary_fountain, uniq_prince_ribbit1
D:6:      lemuel_ice_spiral_2, layout_rooms, lemuel_tele_altar,
          serial_corexii_hall, corexii_hall_statues_x, chequers_hall_statues_y,
          chequers_hall_statues_corner_a, corexii_hall_statues_x, uniq_edmund,
          uniq_duvessa
D:7:      layout_layer_cave, kennysheep_little_box, uniq_maurice
D:8:      layout_basic, zin_purify
D:9:      layout_gridville, mainiacjoe_overflow_catwalk,
          nicolae_vehumet_altar_sigil, serial_shops,
          nicolae_shop_gibbet_a_chance, chequers_avenue, grunt_decor_cap
D:10:     layout_gridville, grunt_temple_overflow_forces_of_nature,
          minmay_orc_entry_temple_small
D:11:     layout_basic, erik_lair_island, uniq_sonja
D:12:     layout_roguey, hex_intersection
D:13:     layout_long_grid, erik_vaults_1
D:14:     layout_roguey, serial_shops, shop, yredelemnul_altar_generic,
          uniq_louise
D:15:     grunt_enter_depths_giant_problem, layout_rooms, nicolae_hexahallways,
          serial_shops, shop
Lair:1:   layout_big_grid, serial_forest, infiniplex_forest_clump_diagonal,
          infiniplex_forest_lined_ring, infiniplex_forest_pool,
          infiniplex_forest_clump_double, infiniplex_forest_lined_corner,
          infiniplex_forest_clump_double, infiniplex_forest_lined_room_2
Lair:2:   wad_woods_tower, layout_regular_city, swamp_mist,
          spider_nest_entry_funnel_web, gammafunk_ghost_abyssal_escape,
          serial_bayou, serial_bayou_crossing, serial_bayou_pond_d,
          beast_lair_carwin_11, uniq_gastronok
Lair:3:   layout_roguey, gauntlet_entry_generic, grunt_megastairs_4
Lair:4:   gammafunk_worm_tunnel, layout_cave_pods, grunt_megastairs_3
Lair:5:   due_jungle_book, layout_gridlike, slime_entry_1
Swamp:1:  layout_basic_swamp, nicolae_swamp_decorative_isthmus, swamp_pool_1_2
Swamp:2:  layout_falls_marsh, basic_altar
Swamp:3:  layout_basic_swamp, nicolae_swamp_orc_logging_accident,
          swamp_pool_1_2, water_boxes_lemuel, uniq_mara
Swamp:4:  swamp, layout_basic_swamp, ebering_ghost_disaster_area,
          swamp_pool_1_2, nicolae_swamp_necromancer_hut
Spider:1: layout_chambers, gammafunk_ghost_cemetery,
          hangedman_spider_tarantella_strand, uniq_roxanne, uniq_aizul,
          uniq_frances
Spider:2: layout_chambers, gammafunk_ghost_tricky_traps, uniq_arachne,
          uniq_donald
Spider:3: layout_spider_delve, uniq_agnes, uniq_mlioglotl
Spider:4: floodkiller_spider_rune_tomb
Orc:1:    layout_diamond_mine
Orc:2:    hellmonk_orc_salted, layout_caves, serial_shops,
          nicolae_shop_real_fake_doors
Elf:1:    nicolae_elf_arrival_dilemma, layout_gridlike, serial_shops,
          statue_bzr, minmay_elf_demonology, patterned_corridor
Elf:2:    nicolae_elf_blades_crystal_corner, layout_geoelf_octagon,
          gammafunk_ghost_berserking_beasts, lemuel_elevator,
          lemuel_upstairs_altar, uniq_norris, uniq_saint_roka
Elf:3:    grunt_elf_hall_spiral, layout_geoelf_grid, serial_shops,
          nicolae_shop_competitors_out_of_business,
          nicolae_elf_glassroom_feature
Vaults:1: ontoclasm_vaults_ring_small, nicolae_vaults_trapezoid_4,
          ontoclasm_vaults_bender, nicolae_vaults_trapezoid_1,
          nicolae_vaults_storage_closets_3, v_misc_2, nicolae_vaults_rhombus_5,
          dpeg_vaults_pockets_of_resistance, nicolae_vaults_big_angled_halls,
          ontoclasm_vaults_ligature, nicolae_vaults_tetromino_T_1,
          hangedman_vaults_impose, nicolae_vaults_closet_pinwheel_6,
          nicolae_vaults_border_crossing, v_pattern_4, layout_vaults_omnibox,
          uniq_nikola
Vaults:2: vaults_room_mumra_shop_pool, vaults_room_boxed,
          nicolae_vaults_lightning_bolt, ontoclasm_vaults_eye,
          minmay_crypt_entry_necro_gods, nicolae_vaults_tetromino_Z_2,
          ontoclasm_vaults_shuriken, ontoclasm_vaults_decontamination,
          vaults_dpeg_emergency_exit, layout_vaults_omnigrid, serial_shops, shop
Vaults:3: nicolae_vaults_little_squares_4, nicolae_vaults_arrows,
          nicolae_vaults_network_periphery, hangedman_vaults_capsules,
          nicolae_vaults_disjoint_gnomons, nicolae_vaults_yaktaur_gun_rack,
          v_misc_26, nicolae_vaults_double_plus_2, grunt_vaults_hallway_short,
          vaults_dpeg_encased_lava, vaults_room_large_hall,
          layout_vaults_chaotic_city, enter_trove_5, uniq_margery
Vaults:4: ontoclasm_vaults_echo, v_misc_5, v_misc_27,
          nicolae_vaults_stairing_the_circle, nicolae_vaults_house_3,
          ontoclasm_vaults_pinch, nicolae_vaults_network_quinsquares
          [nicolae_vaults_network_quincunx_subvault,
          nicolae_vaults_network_quincunx_subvault,
          nicolae_vaults_network_quincunx_subvault,
          nicolae_vaults_network_quincunx_subvault], hangedman_vaults_corner,
          nicolae_vaults_storage_room_doors, hangedman_vaults_restitches,
          nicolae_vaults_little_squares_6, layout_vaults_maze_bifur
Vaults:5: serial_shops
Crypt:1:  layout_chaotic_city, grunt_crypt_arrival_guarded_gate, uniq_mennas,
          uniq_grunn
Crypt:2:  layout_rooms
Crypt:3:  church_of_pain_bobbens, layout_chaotic_city,
          nicolae_tomb_entry_grand_gallery, minmay_misc_feat_columns
Depths:1: layout_big_octagon, enter_ziggurat_a, hellmouth_2,
          minmay_misc_feat_ornament, gammafunk_ghost_arena, st_stairs_7,
          monkooky_shop_mail_order
Depths:2: grunt_forest_end_chambers, layout_gridville,
          infiniplex_staircase_pillars_1, pan_entry, abyss_entry_glasseish,
          grunt_hell_entry_dis_grunt
Depths:3: evilmike_halls_of_destruction, layout_honeycomb,
          pf_hell_entry_tar_river, serial_sigils,
          serial_sigils_hangedman_quiver, serial_sigils_hangedman_confine,
          serial_sigils_hangedman_etch, serial_sigils_hangedman_snap,
          serial_sigils_hangedman_quiver, abyss_entry
Depths:4: evilmike_zot_entry_basic, layout_cave_pools, hell_entry,
          nicolae_hepliaklqana_hazy_memory
Zot:1:    layout_basic, hangedman_zot_gyre
Zot:2:    layout_gridlike, st_stairs_13
Zot:3:    regret_index_infernal_bastille, layout_onion_interference,
          regret_index_zotdec_serpentine_scales, drop_trap,
          st_small_dragon_hoard_2
Zot:4:    layout_cellular_growth, regret_index_zotdec_wing_it,
          lemuel_lake_of_fire
Zot:5:    layout_misc_corridors

Skill      XL: |  1  2  3  4  5  6  7  8  9 10 11 12 13 14 15 16 17 18 19 20 21 22 23 24 25 26 27 |
---------------+----------------------------------------------------------------------------------+-----
Unarmed Combat | 4 5 6 7 8 9 10 13 15 16 18 20 21 22 | 22.0
Invocations    | 2 8 13 | 13.7
Armour         | 5 15 | 15.0
Fighting       | 5 6 7 8 13 16 17 18 20 21 22 | 22.0
Shapeshifting  | 6 10 15 16 17 20 22 24 25 | 25.0
Dodging        | 7 10 13 15 17 18 20 21 22 | 22.0
Shields        | 6 12 15 17 19 22 | 22.0
Translocations | 4 5 |  5.0
Spellcasting   | 1 |  1.0
Ice Magic      | 6 |  6.0

Action                     |  1- 3 |  4- 6 |  7- 9 | 10-12 | 13-15 | 16-18 | 19-21 | 22-24 | 25-27 || total
---------------------------+-------+-------+-------+-------+-------+-------+-------+-------+-------++-------
  Melee: Unarmed           |   101 |    95 |   407 |   591 |   934 |   945 |  1407 |  1587 |  1776 ||  7843
         Punch             |     1 |     4 |    21 |    36 |    26 |    60 |       |       |       ||   148
         Constrict         |       |       |       |    28 |   160 |       |       |       |       ||   188
  Throw: Stone             |       |     4 |       |       |       |       |       |       |       ||     4
         Dart              |       |     4 |     2 |     1 |       |       |     1 |       |       ||     8
         Boomerang         |       |       |       |     3 |       |       |       |       |       ||     3
         Javelin           |       |       |       |       |       |     2 |       |       |     3 ||     5
   Cast: Ozocubu's Armour  |       |       |       |       |       |       |     1 |       |       ||     1
 Invoke: Heroism           |       |       |     2 |    10 |     8 |    10 |    15 |    11 |    20 ||    76
         Finesse           |       |       |       |     3 |     1 |     2 |     3 |     2 |     6 ||    17
         Receive Weapon    |       |       |       |       |     1 |       |       |       |       ||     1
         Receive Armour    |       |       |       |       |     1 |       |       |       |       ||     1
Ability: Hop               |       |     1 |     4 |     9 |       |    12 |    30 |    23 |    18 ||    97
         Begin Untransform |       |     1 |       |     1 |     3 |     3 |     1 |       |       ||     9
  Evoke: Wand              |       |       |     3 |    24 |     8 |     6 |     2 |       |     3 ||    46
         Lightning rod     |       |       |       |       |     2 |       |       |       |       ||     2
         Phial of floods   |       |       |       |       |       |       |     1 |       |       ||     1
    Use: Potion            |     1 |     5 |     3 |     1 |     4 |     3 |     5 |       |     8 ||    30
         Scroll            |     1 |     3 |     2 |     5 |     9 |     7 |     5 |     3 |    13 ||    48
   Stab: Sleeping          |     1 |       |       |       |       |     1 |     1 |     1 |       ||     4
         Distracted        |       |       |       |       |     1 |       |     1 |       |     2 ||     4
 Armour: Animal skin       |    19 |       |       |       |       |       |       |       |       ||    19
         Chain mail        |    33 |    59 |   241 |   432 |       |       |       |       |       ||   765
         Skin              |     8 |     3 |       |    36 |   296 |   500 |   969 |   917 |  1040 ||  3769
         Plate armour      |       |       |       |       |   155 |   169 |     9 |       |       ||   333
  Dodge: Dodged            |    45 |    32 |   109 |   220 |   540 |  1085 |  1017 |  1084 |  1006 ||  5138
  Block: Kite shield       |       |       |       |       |       |   501 |  1222 |  1563 |  1468 ||  4754
   Form: Serpent           |       |       |       |     1 |     2 |     1 |       |       |       ||     4
         Flux              |       |       |       |     1 |       |       |       |       |       ||     1
         Statue            |       |       |       |       |       |     6 |     1 |       |       ||     7
         Blade             |       |       |       |       |       |     2 |       |       |       ||     2
